 Dungeon Crawl Stone Soup version 0.21-a0-513-gdcb3f5e (webtiles) character file.

46 Spazmo the Conjurer (level 3, -1/19 HPs)
             Began as a Deep Elf Conjurer on Dec 2, 2017.
             Was an Initiate of Vehumet.
             Killed from afar by Sigmund (8 damage)
             ... with a puff of flame
             ... on level 2 of the Dungeon.
             The game lasted 00:02:33 (1010 turns).

Spazmo the Conjurer (Deep Elf Conjurer)             Turns: 1010, Time: 00:02:33

Health: -1/19      AC:  3    Str:  5    XL:     3   Next: 46%
Magic:  3/10       EV: 13    Int: 20    God:    Vehumet [......]
Gold:   88         SH:  0    Dex: 15    Spells: 6/9 levels left

rFire    . . .     SeeInvis .   q - +2 long sword (venom)
rCold    . . .     Gourm    .   (no shield)
rNeg     . . .     Faith    .   a - +0 robe
rPois    .         Spirit   .   (no helmet)
rElec    .         Reflect  .   (no cloak)
rCorr    .         Harm     .   (no gloves)
MR       .....                  m - +0 pair of boots
Stlth    ++........             (no amulet)
HPRegen  0.06/turn              (no ring)
MPRegen  0.12/turn              (no ring)

@: no status effects
A: no striking features
a: Renounce Religion


You were on level 2 of the Dungeon.
You worshipped Vehumet.
Vehumet was noncommittal.
You were not hungry.

You visited 1 branch of the dungeon, and saw 2 of its levels.

You collected 88 gold pieces.

Inventory:

Hand Weapons
 q - a +2 long sword of venom (weapon)
Missiles
 h - 41 stones (quivered)
Armour
 a - a +0 robe (worn)
 m - a +0 pair of boots (worn)
Scrolls
 d - a scroll of amnesia {unknown}
 e - 2 scrolls of fog {unknown}
 i - a scroll of remove curse {unknown}
 j - a scroll of magic mapping {unknown}
 k - a scroll of teleportation {unknown}
 l - a scroll of identify {unknown}
 n - a scroll of immolation {unknown}
 o - a scroll of random uselessness {unknown}
Books
 b - a book of Conjurations

   Spells                             Type                      Level
   a - Magic Dart                     Conjuration                  1
   b - Searing Ray                    Conjuration                  2
   c - Dazzling Spray                 Conjuration/Hexes            3
   d - Fulminant Prism                Conjuration/Hexes            4
   e - Force Lance                    Conjuration/Translocation    4
   f - Iskenderun's Mystic Blast      Conjuration                  4
Comestibles
 c - 2 bread rations
 f - a meat ration


   Skills:
 - Level 3.0 Dodging
 - Level 3.2 Stealth
 + Level 3.9 Spellcasting
 + Level 4.8 Conjurations


You had 6 spell levels left.
You knew the following spells:

 Your Spells              Type           Power        Failure   Level  Hunger
a - Magic Dart            Conj           ###.         1%          1    None
b - Searing Ray           Conj           ###...       2%          2    ##.....


Dungeon Overview and Level Annotations

Branches:
Dungeon (2/15)

Altars:
Vehumet
The Shining One

Annotations:
D:2 Sigmund


Message History

Aim: a hobgoblin (almost dead)
The magic dart hits the hobgoblin.
You kill the hobgoblin!
Vehumet accepts your kill.
You start resting.
Sigmund the Dreaded comes into view.
He is wielding a scythe.
Casting: Magic Dart
Confirm with . or Enter, or press ? or * to list all spells.
Aiming: Magic Dart
Press: ? - help, Shift-Dir - straight line, f - Sigmund
Aim: Sigmund, wielding a scythe and wearing a robe (hasn't noticed you)
The magic dart hits Sigmund.
Sigmund is lightly wounded.
Sigmund shouts!
Sigmund points at you and mumbles some strange words.
The puff of flame hits you!
Ouch! That really hurt!
Sigmund points at you and mumbles some strange words.
The puff of flame hits you!
You die...

..#...###.#.# #...#.#. #.
#........#.###....... #.
#...>....#.......#.#. #.
#.......).......##.#. #.
#.......###.......... #.
#...............)....
#.####.......###.#.###..#.
#............###.#.....###
#........@.....#.#..#...#.
#..@#####.#####.#.#........
#...# #.# .# #......#.
#...# #.# # ##....### #...#
#+# #.....#. ....†
.#.##....... ...#@.
........#... .......
#######.###. ........# ##


You could see Sigmund.

Vanquished Creatures
  2 worms (D:2)
  2 dart slugs
  A leopard gecko (D:1)
  A giant cockroach (D:2)
  7 goblins
  5 hobgoblins
  5 jackals (D:1)
  2 kobolds
  A ball python (D:1)
  3 bats
  2 frilled lizards (D:1)
  A rat (D:1)
32 creatures vanquished.

Notes
Turn   | Place    | Note
-------+----------+-------------------------------------------
     0 | D:1      | Spazmo the Deep Elf Conjurer began the quest for the Orb.
     0 | D:1      | Reached XP level 1. HP: 10/10 MP: 6/6
   133 | D:1      | Reached XP level 2. HP: 15/15 MP: 6/8
   137 | D:1      | Learned a level 2 spell: Searing Ray
   733 | D:2      | Reached XP level 3. HP: 19/19 MP: 6/10
   835 | D:2      | Found a glowing golden altar of the Shining One.
   887 | D:2      | Found a radiant altar of Vehumet.
   897 | D:2      | Became a worshipper of Vehumet
  1003 | D:2      | Noticed Sigmund
  1010 | D:2      | Killed from afar by Sigmund

Vault maps used:
D:1:      tarquinn_simple_flora_water_f
D:2:      overflow_temple_1_default, vehumet_crystals,
          overflow_temple_1_default, minmay_misc_feat_room, uniq_sigmund,
          uniq_jessica

Skill      XL: |  1  2  3 |
---------------+----------+-----
Stealth        | 3 |  3.2
Dodging        | 3 |  3.0
Spellcasting   | |  3.9
Conjurations   | |  4.8

Action                   || total
-------------------------++-------
Melee: Long sword        ||     1
 Cast: Magic Dart        ||    70
Dodge: Dodged            ||     4

Table legend:
 A = Spawn XP
 B = Non-spawn XP
 C = Spawn XP percentage of total XP
 D = Spawn monster count
 E = Non-spawn monster count
 F = Spawn count percentage of total count
 G = Total turns spent on level
                    A         B        C        D         E        F      G
               +---------+---------+-------+---------+---------+-------+---------
         Total |       0 |      67 |   0.0 |       0 |      32 |   0.0 |  1010
               +---------+---------+-------+---------+---------+-------+---------
           D:1 |       0 |      39 |   0.0 |       0 |      21 |   0.0 |   730
           D:2 |       0 |      28 |   0.0 |       0 |      11 |   0.0 |   280
               +---------+---------+-------+---------+---------+-------+---------
